 Dungeon Crawl Stone Soup version 0.22-a0-181-gb22368a056 (webtiles) character file.

193 WhatIsLove the Insei (level 5, 40/40 HPs)
             Began as a Demigod Transmuter on Feb 14, 2018.
             Got out of the dungeon alive.
             The game lasted 00:04:51 (3487 turns).

WhatIsLove the Insei (Demigod Transmuter)           Turns: 3487, Time: 00:04:52

Health: 40/40      AC:  5    Str: 13    XL:     5   Next: 20%
Magic:  11/11      EV: 11    Int: 21    God:
Gold:   186        SH:  0    Dex: 16    Spells: 5/8 levels left

rFire    + . .     SeeInvis .     - Unarmed
rCold    . . .     Gourm    .   (no shield)
rNeg     . . .     Faith    .   e - +0 ring mail (curse)
rPois    +         Spirit   .   k - -1 helmet (curse)
rElec    .         Reflect  .   v - +1 cloak {rPois}
rCorr    +         Harm     .   (no gloves)
MR       .....                  (no boots)
Stlth    ..........             (no amulet)
HPRegen  0.13/turn              u - ring of resist corrosion
MPRegen  0.12/turn              l - ring of loudness (curse)

@: drained
A: clever 1, deformed body, fire resistance 1, high mp 1
a: no special abilities


You escaped.
You were not hungry.

You visited 1 branch of the dungeon, and saw 3 of its levels.

You collected 186 gold pieces.

Inventory:

Missiles
 a - 27 arrows (quivered)
Armour
 b - a +0 robe
 e - a cursed +0 ring mail (worn)
 k - a cursed -1 helmet (worn)
 v - a +1 cloak of poison resistance (worn)
Jewellery
 l - a cursed ring of loudness (right hand)
 u - a ring of resist corrosion (left hand)
Wands
 x - a wand of flame (35)
Scrolls
 f - 2 scrolls of remove curse {unknown}
 g - 4 scrolls of enchant armour
 m - 5 scrolls of teleportation {unknown}
 q - a scroll of amnesia {unknown}
 r - a scroll of fog {unknown}
 w - a scroll of enchant weapon {unknown}
 y - a scroll of random uselessness {unknown}
 z - a scroll of fear {unknown}
Potions
 h - a potion of flight
 i - a potion of curing
 n - a potion of brilliance
 o - a potion of berserk rage
 p - a potion of invisibility
 s - a potion of magic
Books
 c - a book of Changes

   Spells                             Type                      Level
   a - Beastly Appendage              Transmutation                1
   b - Sticks to Snakes               Transmutation                2
   c - Spider Form                    Transmutation/Poison         3
   d - Ice Form                       Ice/Transmutation            4
   e - Blade Hands                    Transmutation                5
Comestibles
 d - 6 rations


   Skills:
 + Level 1.0(0.7) Fighting
 + Level 1.9(1.6) Armour
 + Level 2.3(2.0) Dodging
 * Level 4.3(4.0) Unarmed Combat
 + Level 2.2(1.9) Spellcasting
 + Level 2.3(2.0) Transmutations


You had 5 spell levels left.
You knew the following spells:

 Your Spells              Type           Power        Failure   Level  Hunger
a - Beastly Appendage     Tmut           ##....       14%         1    #......
s - Sticks to Snakes      Tmut           ##......     21%         2    ##.....


Dungeon Overview and Level Annotations

Branches:
Dungeon (3/15)


Innate Abilities, Weirdness & Mutations

You have an increased reservoir of magic. (+10% MP)
Your mind is acute. (Int +2)
Armour fits poorly on your strangely shaped body.
Your flesh is heat resistant. (rF+)


Message History

As you read the scroll of identify, it crumbles to dust.
t - a potion of mutation
Okay, then.
You feel extremely strange.
You feel resistant to heat.
Your body twists and deforms.
You feel clever.
Things that are here:
a club x2
You see here a leather armour.
You see here a falchion.
Things that are here:
a mace; a chain mail; a club
There is a stone staircase leading up here.
You climb upwards.
There is a stone staircase leading down here.
There is a stone staircase leading up here.
You climb upwards.
There is a stone staircase leading down here.
There is a staircase leading out of the dungeon here.
Are you sure you want to leave the Dungeon?
This will make you lose the game!
You have escaped!

....#########.......######.......
....# #......######...'......(
....######..........##.###......#
.........#..........##.# #......#
.....)...####.......##.# #......#
.........# ##'#######.# #......#
########## #.........# #......#
############## ########
######.....p.....######
#####.....................#####
##............#...#............##
......#)..#...#...#...#...#......
......#...#...#.>.#...#...#......
..#...#...#...#...#...#...#...#..
..#...#...##.#######.##...#...#..
..#...#...##'#.P...####...#...#..
..#...#...##..P.P...P##...#...#..


There were no monsters in sight!

Vanquished Creatures
  Crazy Yiuf (D:2)
  An orc wizard (D:3)
  3 adders
  2 dart slugs
  4 leopard geckos
  6 orcs (D:3)
  11 goblins
  7 hobgoblins
  6 jackals
  A quokka (D:2)
  8 bats
  3 frilled lizards
  8 kobolds
  7 rats
68 creatures vanquished.

Vanquished Creatures (collateral kills)
  An orc priest (D:3)
  An adder (D:2)
  A leopard gecko (D:3)
  An orc (D:3)
4 creatures vanquished.

Grand Total: 72 creatures vanquished

Notes
Turn   | Place    | Note
-------+----------+-------------------------------------------
     0 | D:1      | WhatIsLove the Demigod Transmuter began the quest for the Orb.
     0 | D:1      | Reached XP level 1. HP: 15/15 MP: 5/5
   247 | D:1      | Reached skill level 3 in Unarmed Combat
   552 | D:1      | Reached XP level 2. HP: 21/22 MP: 7/7
   726 | D:1      | Learned a level 2 spell: Sticks to Snakes
  1084 | D:2      | Reached XP level 3. HP: 22/27 MP: 8/8
  1110 | D:2      | Reached skill level 1 in Fighting
  1120 | D:2      | Reached skill level 1 in Armour
  1859 | D:2      | Found a runed door.
  2166 | D:2      | Noticed Crazy Yiuf
  2181 | D:2      | Killed Crazy Yiuf
  2181 | D:2      | Reached XP level 4. HP: 28/35 MP: 4/9
  2369 | D:3      | Reached skill level 4 in Unarmed Combat
  2727 | D:3      | Reached XP level 5. HP: 11/40 MP: 7/11
  3031 | D:3      | Found a glowing golden altar of the Shining One.
  3034 | D:3      | Found a basalt altar of Yredelemnul.
  3038 | D:3      | Found a hazy altar of Hepliaklqana.
  3038 | D:3      | Found a shimmering altar of Xom.
  3039 | D:3      | Found a radiant altar of Vehumet.
  3040 | D:3      | Found a snail-covered altar of Cheibriados.
  3042 | D:3      | Found a shattered altar of Ashenzari.
  3043 | D:3      | Found a hide-covered altar of Uskayaw.
  3415 | D:3      | Gained mutation: Your flesh is heat resistant. (rF+) [potion of mutation]
  3415 | D:3      | Gained mutation: Armour fits poorly on your strangely shaped body. [potion of mutation]
  3415 | D:3      | Gained mutation: Your mind is acute. (Int +2) [potion of mutation]
  3487 | D:$      | Got out of the dungeon alive.

Vault maps used:
D:1:      dpeg_arrival_water_fire
D:2:      uniq_crazy_yiuf_cottage
D:3:      minitemple, first_ration

Skill      XL: |  1  2  3  4 |
---------------+-------------+-----
Unarmed Combat | 3 4 |  4.3
Dodging        | 2 |  2.3
Spellcasting   | 2 |  2.2
Transmutations | 2 |  2.3
Fighting       | 1 |  1.0
Armour         | 1 |  1.9

Action                   |  1- 3 |  4- 6 || total
-------------------------+-------+-------++-------
Melee: Unarmed           |   159 |   103 ||   262
       Kick              |    15 |    13 ||    28
       Punch             |     1 |     1 ||     2
 Cast: Beastly Appendage |     9 |     6 ||    15
       Sticks to Snakes  |     3 |     2 ||     5
  Use: Potion            |     2 |     1 ||     3
       Scroll            |       |     6 ||     6
  Eat: Chunk             |     4 |     5 ||     9
Armor: Ring mail         |    71 |    54 ||   125
Dodge: Dodged            |   106 |    83 ||   189

Table legend:
 A = Spawn XP
 B = Non-spawn XP
 C = Spawn XP percentage of total XP
 D = Spawn monster count
 E = Non-spawn monster count
 F = Spawn count percentage of total count
 G = Total turns spent on level
                    A         B        C        D         E        F      G
               +---------+---------+-------+---------+---------+-------+---------
         Total |       0 |     277 |   0.0 |       0 |      72 |   0.0 |  3487
               +---------+---------+-------+---------+---------+-------+---------
           D:1 |       0 |      45 |   0.0 |       0 |      28 |   0.0 |  1084
           D:2 |       0 |      95 |   0.0 |       0 |      15 |   0.0 |  1166
           D:3 |       0 |     137 |   0.0 |       0 |      29 |   0.0 |  1237
               +---------+---------+-------+---------+---------+-------+---------
